 Seeded DCSS version 0.30-a0-159-g068b764562 (webtiles) character file.

Game seed: 6407531006889329252 (custom seed)

21 Iusername the Trooper (level 2, 27/27 HPs)
             Began as a Minotaur Fighter on Sept 27, 2022.
             Quit the game on level 1 of the Dungeon.
             The game lasted 00:00:37 (705 turns).

Iusername the Trooper (Minotaur Fighter)             Turns: 705, Time: 00:00:38

Health: 27/27      AC:  7    Str: 20    XL:     2   Next: 65%
Magic:  1/1        EV:  9    Int:  5    God:
Gold:   57         SH:  4    Dex:  9    Spells: 1/1 levels left

rFire   . . .      SeeInvis .    a - +0 trident
rCold   . . .      Faith    .    c - +0 buckler
rNeg    . . .      Spirit   .    b - +0 scale mail
rPois   .          Reflect  .    (helmet restricted)
rElec   .          Harm     .    (no cloak)
rCorr   .          Rampage  .    (no gloves)
Will    .....                    (no boots)
Stlth   ..........               (no amulet)
HPRegen 0.09/turn                (no ring)
MPRegen 0.07/turn                (no ring)

@: no status effects
A: horns 2, retaliatory headbutt
a: no special abilities


You were on level 1 of the Dungeon.
You visited 1 branch of the dungeon, and saw 1 of its levels.

You collected 57 gold pieces.

Inventory:

Hand Weapons
 a - a +0 trident (weapon)
Armour
 b - a +0 scale mail (worn)
 c - a +0 buckler (worn)
Scrolls
 f - a scroll of acquirement
 g - a scroll of teleportation {unknown}
 h - a scroll of fear {unknown}
 k - a scroll of immolation {unknown}
Potions
 d - a potion of might
 e - a potion of curing {unknown}
 i - 2 potions of resistance {unknown}
 j - a potion of haste {unknown}


   Skills:
 + Level 4.1 Fighting
 + Level 2.6 Polearms
 + Level 4.0 Armour
 + Level 3.9 Shields


You had one spell level left.
You didn't know any spells.
Your spell library was empty.

Dungeon Overview and Level Annotations

Branches:
Dungeon (1/15)

Altars:


Innate Abilities, Weirdness & Mutations

You have a pair of horns on your head.
You reflexively headbutt those who attack you in melee.


Message History

i - 2 glowing blue potions (gained 1)
Found a ring mail.
Found a stone staircase leading down.
No target in view!
Unknown command.
Found a leather armour.
No target in view!
Unknown command.
You see here a +0 ring mail.
There is a stone staircase leading down here.
A hobgoblin comes into view.
The hobgoblin shouts!
Unknown command.
A hobgoblin is nearby!
Unknown command.
A hobgoblin is nearby!
You closely miss the hobgoblin. The hobgoblin barely misses you.
A hobgoblin is nearby!
You hit the hobgoblin.
The hobgoblin is severely wounded.
The hobgoblin closely misses you.
Unknown command.
A hobgoblin is nearby!
You puncture the hobgoblin!
You kill the hobgoblin!
Unknown command.
No target in view!
You see here a +0 leather armour.
Done exploring.
No target in view!
Unknown command.
Done exploring.
No target in view!
Unknown command.
Done exploring.
No target in view!
Done exploring.
This is a scroll of acquirement!
Unknown command.
Unknown command.
Are you sure you want to abandon this character and quit the game? (Confirm with "yes".)

############ #..........#
#######.##.#.#.#.##
#.................# #######
#.########.#.#.#.## ......#
#.# #.........# #####.# #.#
####.#.#.#.## ##.###.#
#.@.....>(..# ####...##.#
#.##.#.#.#.##
#.........#####.#.........#
#.##.#######.....#.#.#.#.##
#.##.......######.##.##..#
#.####......# #.##....##
#.#####.....#####.##.####
......##....#..##.##.#
.##....##...##.##.##.#


There were no monsters in sight!

Vanquished Creatures
  2 endoplasms (D:1)
  A giant cockroach (D:1)
  2 goblins (D:1)
  3 hobgoblins (D:1)
  A quokka (D:1)
  A ball python (D:1)
  4 bats (D:1)
  3 kobolds (D:1)
  3 rats (D:1)
20 creatures vanquished.

Notes
Turn   | Place    | Note
-------+----------+-------------------------------------------
     0 | D:1      | Iusername the Minotaur Fighter began the quest for the Orb.
     0 | D:1      | Reached XP level 1. HP: 19/19 MP: 0/0
   126 | D:1      | Reached XP level 2. HP: 26/27 MP: 1/1
   705 | D:1      | Identified a scroll of acquirement
   705 | D:1      | Quit the game

Illustrated notes

Levels and vault maps discovered:
D:1:      giann_horns, layout_loops_ring, st_stairs_9

Skill      XL: |  1  2 |
---------------+-------+-----
Armour         | 4 |  4.0
Fighting       | 4 |  4.1
Polearms       | |  2.6
Shields        | |  3.9

Action                   || total
-------------------------++-------
Melee: Trident           ||    47
       Headbutt          ||     6
Armor: Scale mail        ||    14
Dodge: Dodged            ||    12
Block: Buckler           ||     9

Table legend: (Time is in decaauts)
 A = Elapsed time spent in this place.
 B = Non-inter-level travel time spent in this place.
 C = Inter-level travel time spent in this place.
 D = Time resting spent in this place.
 E = Time spent auto-exploring this place.
 F = Levels seen in this place.
 G = Mean time per level.
                   A        B        C        D        E       F      G
               +--------+--------+--------+--------+--------+-----+--------+
         Total |    715 |    715 |      0 |      0 |    608 |   1 |  715.0 |
       Dungeon |    715 |    715 |      0 |      0 |    608 |   1 |  715.0 |
               +--------+--------+--------+--------+--------+-----+--------+

Top non-repeatable levels by time:
     D:1: 715 daAuts
